 Dungeon Crawl Stone Soup version 0.30-a0-145-g03d90e2e6d (webtiles) character file.

Game seed: 10486336470996495694

110988 qw the Severer (level 16, -13/114 HPs)
             Began as a Gargoyle Fighter on Sept 26, 2022.
             Was a High Priest of Okawaru.
             Mangled by a hell knight
             ... wielding a +0 great sword
              (18 damage)
             ... on level 3 of the Abyss.
             The game lasted 00:09:51 (23403 turns).

qw the Severer (Gargoyle Fighter)                  Turns: 23403, Time: 00:09:52

Health: -13/114    AC: 42    Str: 23    XL:     16   Next: 56%
Magic:  22/23      EV: 14    Int: 16    God:    Okawaru [*****.]
Gold:   745        SH: 18    Dex:  9    Spells: 15/15 levels left

rFire   + . .      SeeInvis +    j - +11 broad axe of Bovohese {vorpal, rPois Str-4 Int+6}
rCold   . . .      Faith    .    A - +0 kite shield
rNeg    + . .      Spirit   .    l - +3 chain mail {rF+}
rPois   inf        Reflect  +    o - +2 helmet
rElec   +          Harm     .    D - +0 cloak
rCorr   .          Rampage  .    g - +2 pair of gloves
Will    +....                    n - +2 pair of boots
Stlth   ..........               z - amulet of reflection
HPRegen 0.29/turn                v - ring of see invisible
MPRegen 0.18/turn                B - +4 ring of evasion

@: about to teleport, heroic, flying
A: sickness immunity, AC +12, big wings, negative energy resistance 1,
electricity resistance, torment resistance 1, petrification resistance, robust
1, MP-powered wands
a: Renounce Religion, Heroism, Finesse, Duel


You were on level 3 of the Abyss.
You worshipped Okawaru.
Okawaru was extremely pleased with you.
You visited 4 branches of the dungeon, and saw 23 of its levels.
You visited the Abyss 2 times.

You collected 2001 gold pieces.
You spent 1256 gold pieces at shops.


Innate Abilities, Weirdness & Mutations

You are immune to sickness and miasma.
Your stone body is resilient. (AC +12)
You are immune to poison.
Your large and strong wings let you fly.
You resist negative energy. (rN+)
You are resistant to electric shocks. (rElec)
You are resistant to unholy torment.
You are immune to petrification.
You are robust. (+10% HP)
You expend magic power (3 MP) to strengthen your wands.


   Skills:
 - Level 13.0(18.0) Fighting
 + Level 17.1(22.1) Axes
 - Level 7.0(12.0) Throwing
 - Level 12.3(17.3) Armour
 - Level 3.0(8.0) Dodging
 - Level 13.0(18.0) Shields
 - Level 10.0 Invocations


You had 15 spell levels left.
You didn't know any spells.
Your spell library was empty.

Inventory:

Hand Weapons
 j - the +11 broad axe of Bovohese (weapon) {vorpal, rPois Str-4 Int+6}
   (You found it on level 10 of the Dungeon)

   It inflicts extra damage upon your enemies.
   Str:       It affects your strength (-4).
   Int:       It affects your intelligence (+6).
   rPois:     It protects you from poison.
 w - a +2 broad axe of flaming
Missiles
 t - 9 boomerangs
 F - a silver boomerang
 I - 2 javelins (quivered)
Armour
 g - a +2 pair of gloves (worn)
 l - a +3 chain mail of fire resistance (worn)
 n - a +2 pair of boots (worn)
 o - a +2 helmet (worn)
 y - a +0 plate armour
 A - a +0 kite shield (worn)
 D - a +0 cloak (worn)
Jewellery
 m - a ring of ice
 p - a ring of resist corrosion
 v - a ring of see invisible (left hand)
 x - a ring of fire
 z - an amulet of reflection (around neck)
 B - a +4 ring of evasion (right hand)
 C - a ring of ice
 E - a +4 ring of slaying {mikee}
Scrolls
 a - 14 scrolls of identify
 e - 2 scrolls of enchant weapon
 h - 3 scrolls of brand weapon
 u - 4 scrolls of teleportation
Potions
 b - 4 potions of attraction
 c - 2 potions of magic
 d - 7 potions of might
 f - a potion of curing
 i - 4 potions of lignification
 k - 7 potions of haste
 q - a potion of mutation
 r - a potion of resistance
 s - 3 potions of cancellation

Dungeon Overview and Level Annotations

Branches:
Dungeon (15/15)            Temple (1/1) D:7            Lair (5/5) D:11
 Shoals (0/4) Lair:2        Snake (0/4) Lair:3        Slime (0/5) Lair:5
    Orc (2/2) D:12            Elf (0/3) Orc:2        Vaults (0/5) D:14
 Depths (0/4) D:15

Altars:
Ashenzari
Cheibriados
Dithmenos
Elyvilon
Fedhas
Gozag
Hepliaklqana
Kikubaaqudgha
Makhleb
Nemelex Xobeh
Okawaru
Qazlal
Ru
Sif Muna
Trog
Uskayaw
Vehumet
Wu Jian
Xom
Yredelemnul
Zin
The Shining One
Jiyva

Shops:
D:1 *   D:10 *   D:14 *   Orc:2 ?(*(

Portals:
Trove: D:13 (give +3 gold dragon scales)

Annotations:
D:13 3 runed translucent doors, Kiokkeho's ghost, journeyman TrMo
D:14 1 runed translucent door, Opnastoc's ghost, journeyman MiBe


Message History

The bolt of fire misses you.
You hit the hell knight.
The hell knight is lightly wounded.
The hell knight invokes the aid of its god against you.
The bolt of fire misses you.
The necromancer mumbles some strange words.
The necromancer binds the souls of nearby monsters.
The hell knight utters an invocation to its god.
The hell knight seems to speed up.
You slash the hell knight!
The hell knight is moderately wounded.
The hell knight hits you with a +2 great sword!
The hell knight mumbles some strange prayers to its god against you.
The bolt of fire misses you.
A hell knight comes into view. It is wielding a +1 demon blade.
23399 ||| READING 5 scrolls of teleportation.
As you read the scroll of teleportation, it crumbles to dust.
You feel strangely unstable.
You feel the power of the Abyss delaying your translocation!
You block the hell knight's attack. x2
You hit the hell knight.
The hell knight is heavily wounded.
The hell knight hits you with a +2 great sword!
You slice the hell knight!!
You kill the hell knight!
Okawaru accepts your kill.
You slash the hell knight! You slice the hell knight!!
The hell knight is severely wounded.
The hell knight mumbles some strange prayers to its god against you.
The bolt of fire misses you.
The hell knight hits you from afar with a +0 halberd.
The hell knight closely misses you.
You slash the hell knight!
The hell knight is almost dead.
You hit the necromancer.
The hell knight prays to its god.
The hell knight seems to speed up.
You block the necromancer's attack.
The hell knight hits you with a +0 great sword!!
You die...

. .# #.. ..#. #
... ##. .
.....###p.#
........¤ .
....p.¤.. #### .
#...##.####### .
#...#.#p#...#
..#¤...pp@¤# ###.
.####..#p.....#.
.......%......#..
_..#.........¤.##
..¤.. ..#...##.#.
#.............#..
.#......#........
#....#.....#.. .
#...#\...... #


You could see 3 hell knights and a necromancer.

Vanquished Creatures
  Rupert (D:15)
  An Executioner (Abyss:3)
  2 orc warlords (Orc:2)
  A very ugly thing (Abyss:3)
  An ophan (Abyss:3)
  An ettin (Orc:1)
  A vault guard (D:14)
  7 hydras
  A catoblepas (D:15)
  2 centaur warriors
  3 boulder beetles
  2 death yaks (Lair:5)
  6 two-headed ogres
  2 orc high priests (Orc:2)
  2 tengu warriors (D:15)
  3 thrashing horrors (Abyss:3)
  A hell knight (Abyss:3)
  A spectral anaconda (Lair:5)
  8 skeletal warriors
  A fire crab (Lair:3)
  A spectral death yak (Lair:5)
  A deep troll (shapeshifter) (D:13)
  4 wretched stars (Abyss:3)
  3 wizards
  A shadow demon (Abyss:3)
  A deep elf archer (Orc:2)
  An obsidian statue (Lair:5)
  An orange crystal statue (D:12)
  8 deep elf pyromancers
  9 orc knights
  A deep elf zephyrmancer (D:15)
  5 necromancers
  12 ugly things
  A wolf spider (D:14)
  6 orc sorcerers
  A salamander (shapeshifter) (D:13)
  7 cyclopes
  6 manticores
  2 will-o-the-wisps (Abyss:3)
  24 elephants
  A merfolk siren (Lair:2)
  A centaur zombie (D:15)
  2 smoke demons (Abyss:3)
  7 black mambas
  2 centaur skeletons (D:15)
  A gargoyle (D:12)
  8 cane toads
  6 komodo dragons
  2 rime drakes
  A kobold demonologist (D:11)
  An unseen horror (D:10)
  A tengu conjurer (D:13)
  2 hellwings (Abyss:3)
  An ancient zyme (Abyss:3)
  2 polar bears (Lair:5)
  A hornet (D:10)
  A meliai (D:14)
  15 trolls
  4 raiju (Abyss:3)
  13 blink frogs
  7 large abominations (Abyss:3)
  3 slime creatures (D:12)
  14 dream sheep
  13 saltlings (Orc:2)
  A centaur simulacrum (D:15)
  3 shadows
  3 starcursed masses (Abyss:3)
  A ynoxinul (Abyss:3)
  A vampire (Abyss:3)
  3 wraiths
  A wyvern (Lair:5)
  A chaos spawn (Abyss:3)
  23 yaks
  2 basilisks
  9 vampire mosquitoes
  A neqoxec (Abyss:3)
  A death yak simulacrum (Lair:5)
  6 wargs
  5 nagas (Lair:3)
  5 water moccasins
  An acid dragon (D:11)
  2 sky beasts
  A meliai simulacrum (D:14)
  21 orc warriors
  2 elephant zombies (Lair:5)
  3 black bears
  An elephant skeleton (Lair:5)
  10 ogres
  19 wolves
  4 boggarts (Lair:5)
  A centaur (D:9)
  5 kobold brigands
  A necrophage (D:8)
  15 bullfrogs
  A gnoll sergeant (D:9)
  4 scorpions
  A cane toad simulacrum (Lair:5)
  19 wights
  4 killer bees (D:8)
  A howler monkey (D:5)
  An electric eel (Lair:5)
  A quasit (Abyss:3)
  5 small abominations (Abyss:3)
  2 hounds
  3 jellies
  19 orc priests
  Jessica (D:3)
  A boggart zombie (D:15)
  18 orc wizards
  Robin (D:4)
  11 adders
  11 gnolls
  A shadow imp (D:6)
  16 white imps
  An ufetubus (D:4)
  3 dart slugs
  77 orcs
  9 endoplasms
  5 giant cockroaches
  8 hobgoblins
  2 jackals (D:1)
  2 quokkas
  3 ball pythons
  4 bats
  A frilled lizard (D:2)
  10 goblins
  17 kobolds
  2 rats
  4 pillars of salt (Orc:2)
672 creatures vanquished.

Vanquished Creatures (others)
  A smoke demon (Abyss:3)
  6 foxfires (Abyss:3)
  27 fungi
  A lurking horror (Abyss:3)
  3 pillars of salt (Orc:2)
  50 plants
  18 withered plants (Lair:5)
106 creatures vanquished.

Grand Total: 778 creatures vanquished

Notes
Turn   | Place    | Note
-------+----------+-------------------------------------------
     0 | D:1      | qw the Gargoyle Fighter began the quest for the Orb.
     0 | D:1      | Reached XP level 1. HP: 14/14 MP: 1/1
     0 | D:1      | 0 ||| qw: Version: 0.2-a-10-g399e6c4
     0 | D:1      | 0 ||| qw: Game counter: 502
     0 | D:1      | 0 ||| qw: Always use a shield: true
     0 | D:1      | 0 ||| qw: God list: Okawaru
     0 | D:1      | 0 ||| qw: Allow faded altars: false
     0 | D:1      | 0 ||| qw: Do Orc after D:15 true
     0 | D:1      | 0 ||| qw: Do second Lair branch before Depths: true
     0 | D:1      | 0 ||| qw: Lair rune preference: random
     0 | D:1      | 0 ||| qw: Plans: Normal, Zot:1-4, God:TSO, Crypt, Tomb,
                  | Pan, Slime:5, Hells, Abyss, Orb
     0 | D:1      | 0 ||| PLANNING D:1-11
    50 | D:1      | Reached skill level 2 in Axes
    98 | D:1      | HP: 2/14 [frozen (3)]
   428 | D:1      | Reached XP level 2. HP: 19/19 MP: 2/2
   678 | D:1      | Found Banamn's Assorted Antiques.
   687 | D:1      | 687 ||| SHOPLISTING 2 lumpy puce potions (34 gold, have
                  | 29).
   687 | D:1      | 687 ||| SHOPLISTING buzzing mace (152 gold, have 29).
   687 | D:1      | 687 ||| BUYING fizzy ruby potion (17 gold).
   687 | D:1      | Bought a fizzy ruby potion for 17 gold pieces
   687 | D:1      | 687 ||| SHOPLISTING scroll labelled GOQ UTINGUCHA (19 gold,
                  | have 12).
  1073 | D:1      | 1073 ||| READING 2 scrolls labelled NIQACWINLA.
  1074 | D:1      | 1074 ||| READING 2 scrolls labelled WETSIUVAFO.
  1075 | D:1      | 1075 ||| READING scroll labelled RAXALOARCHOATE.
  1076 | D:1      | 1076 ||| READING scroll labelled QUPNEG FEBEBI.
  1077 | D:1      | 1077 ||| READING scroll labelled UGOJOCYXEUM.
  1078 | D:1      | 1078 ||| DRINKING 2 fizzy ruby potions.
  1079 | D:1      | 1079 ||| DROPPING scroll of immolation.
  1080 | D:1      | 1080 ||| DROPPING potion of flight.
  1095 | D:2      | 1095 ||| DROPPING +0 whip.
  1100 | D:2      | Identified the +5 scale mail of the Arcane {Str+4 Int+8}
  1116 | D:2      | Reached skill level 3 in Axes
  1116 | D:2      | Reached XP level 3. HP: 23/23 MP: 3/3
  1321 | D:2      | Reached XP level 4. HP: 28/28 MP: 4/4
  1381 | D:2      | Reached skill level 4 in Axes
  1494 | D:2      | 1494 ||| UPGRADING to +5 scale mail of the Arcane {Str+4
                  | Int+8}.
  1504 | D:2      | 1504 ||| DROPPING +0 scale mail.
  1505 | D:2      | 1505 ||| READING 2 scrolls labelled RAREZ CERO.
  1506 | D:2      | 1506 ||| READING scroll labelled VUFILI AKUOJAI.
  1507 | D:2      | 1507 ||| READING scroll labelled YFUFUUDAKH.
  1508 | D:2      | 1508 ||| READING 2 scrolls labelled WOIZEUCSIL.
  1509 | D:2      | 1509 ||| DROPPING scroll of amnesia.
  1549 | D:3      | Noticed Jessica
  1551 | D:3      | Killed Jessica
  1859 | D:3      | 1859 ||| UPGRADING to +0 pair of gloves.
  1872 | D:3      | 1872 ||| READING scroll of enchant armour.
  1872 | D:3      | 1872 ||| ENCHANTING +0 pair of gloves.
  1906 | D:3      | Reached XP level 5. HP: 32/32 MP: 5/5
  2334 | D:3      | 2334 ||| UPGRADING to +6 ring of strength.
  2335 | D:3      | 2335 ||| DRINKING 2 bubbling white potions.
  2487 | D:4      | 2487 ||| Stepping ~*~*~tactically~*~*~ (stealth).
  2505 | D:4      | Reached skill level 5 in Axes
  2535 | D:4      | 2535 ||| Stepping ~*~*~tactically~*~*~ (stealth).
  2541 | D:4      | 2541 ||| Stepping ~*~*~tactically~*~*~ (hiding).
  2546 | D:4      | Noticed Robin
  2551 | D:4      | Killed Robin
  2554 | D:4      | Reached skill level 1 in Dodging
  2568 | D:4      | Noticed an ogre
  2569 | D:4      | 2569 ||| Stepping ~*~*~tactically~*~*~ (stealth).
  2583 | D:4      | 2583 ||| Stepping ~*~*~tactically~*~*~ (stealth).
  2596 | D:4      | Killed an ogre
  2597 | D:4      | Reached XP level 6. HP: 39/39 MP: 6/6
  3212 | D:4      | 3212 ||| UPGRADING to +0 helmet.
  3217 | D:4      | 3217 ||| UPGRADING to +0 pair of boots.
  3222 | D:4      | 3222 ||| DRINKING 2 ruby potions.
  3223 | D:4      | 3223 ||| READING 4 scrolls of identify.
  3223 | D:4      | 3223 ||| IDENTIFYING bubbling golden potion
  3224 | D:4      | 3224 ||| READING 3 scrolls of identify.
  3224 | D:4      | 3224 ||| IDENTIFYING fizzy amethyst potion
  3225 | D:4      | 3225 ||| READING 2 scrolls of identify.
  3225 | D:4      | 3225 ||| IDENTIFYING golden potion
  3226 | D:4      | 3226 ||| DROPPING potion of degeneration.
  3227 | D:4      | 3227 ||| DROPPING potion of brilliance.
  3248 | D:5      | Entered Level 5 of the Dungeon
  3328 | D:5      | Reached skill level 6 in Axes
  3328 | D:5      | Reached XP level 7. HP: 42/44 MP: 7/7
  3546 | D:5      | 3546 ||| Stepping ~*~*~tactically~*~*~ (stealth).
  3560 | D:5      | 3560 ||| Stepping ~*~*~tactically~*~*~ (stealth).
  3561 | D:5      | 3561 ||| Stepping ~*~*~tactically~*~*~ (stealth).
  3563 | D:5      | 3563 ||| Stepping ~*~*~tactically~*~*~ (stealth).
  3698 | D:5      | 3698 ||| DROPPING +0 flail.
  3717 | D:5      | 3717 ||| Stepping ~*~*~tactically~*~*~ (hiding).
  3718 | D:5      | 3718 ||| Stepping ~*~*~tactically~*~*~ (hiding).
  3911 | D:5      | 3911 ||| Stepping ~*~*~tactically~*~*~ (stealth).
  3913 | D:5      | 3913 ||| Stepping ~*~*~tactically~*~*~ (stealth).
  4016 | D:5      | 4016 ||| READING scroll labelled INNAAC SUETU.
  4017 | D:5      | 4017 ||| READING 2 scrolls of identify.
  4017 | D:5      | 4017 ||| IDENTIFYING bubbling amethyst potion
  4045 | D:6      | Reached skill level 7 in Axes
  4106 | D:6      | 4106 ||| READING scroll of enchant weapon.
  4106 | D:6      | 4106 ||| ENCHANTING +0 spectral war axe.
  4236 | D:6      | Reached XP level 8. HP: 49/49 MP: 8/8
  4315 | D:6      | 4315 ||| READING scroll of enchant armour.
  4315 | D:6      | 4315 ||| ENCHANTING +1 pair of gloves.
  4357 | D:6      | Found a stormy altar of Qazlal.
  4421 | D:6      | 4421 ||| Stepping ~*~*~tactically~*~*~ (stealth).
  4427 | D:6      | 4427 ||| Stepping ~*~*~tactically~*~*~ (stealth).
  4921 | D:6      | 4921 ||| DROPPING +6 ring of intelligence.
  4922 | D:6      | 4922 ||| UPGRADING to +6 ring of dexterity.
  4923 | D:6      | 4923 ||| READING scroll labelled ODWE DOCHINO.
  4924 | D:6      | 4924 ||| READING scroll labelled MUFFAY GOBECO.
  4925 | D:6      | 4925 ||| READING scroll labelled GOQ UTINGUCHA.
  4926 | D:6      | 4926 ||| DRINKING 2 lumpy puce potions.
  4927 | D:6      | 4927 ||| DRINKING 2 purple potions.
  4928 | D:6      | 4928 ||| READING 4 scrolls of identify.
  4928 | D:6      | 4928 ||| IDENTIFYING emerald potion
  4929 | D:6      | 4929 ||| READING 3 scrolls of identify.
  4929 | D:6      | 4929 ||| IDENTIFYING fuming white potion
  4970 | D:7      | 4970 ||| Stepping ~*~*~tactically~*~*~ (hiding).
  5141 | D:7      | Found a staircase to the Ecumenical Temple.
  5142 | D:7      | 5142 ||| PLANNING TEMPLE
  5149 | Temple   | Entered the Ecumenical Temple
  5159 | Temple   | 5159 ||| PLANNING OKAWARU WORSHIP
  5489 | Temple   | Became a worshipper of Warmaster Okawaru
  5490 | Temple   | 5490 ||| PLANNING D:1-11
  5504 | D:7      | 5504 ||| Stepping ~*~*~tactically~*~*~ (stealth).
  5506 | D:7      | 5506 ||| Stepping ~*~*~tactically~*~*~ (stealth).
  5538 | D:7      | Reached skill level 8 in Axes
  5602 | D:7      | Reached * piety under Okawaru
  5650 | D:7      | Noticed a deep elf pyromancer
  5653 | D:7      | 5653 ||| INVOKING Heroism.
  5656 | D:7      | Killed a deep elf pyromancer
  5657 | D:7      | Reached skill level 3 in Invocations
  5657 | D:7      | Reached XP level 9. HP: 34/57 MP: 6/11
  5872 | D:7      | 5872 ||| Stepping ~*~*~tactically~*~*~ (hiding).
  6084 | D:7      | Reached ** piety under Okawaru
  6087 | D:7      | 6087 ||| Stepping ~*~*~tactically~*~*~ (stealth).
  6244 | D:7      | 6244 ||| UPGRADING to +0 plate armour.
  6254 | D:7      | 6254 ||| DROPPING +5 scale mail of the Arcane {Str+4
                  | Int+8}.
  6255 | D:7      | 6255 ||| READING scroll labelled SECEQ VOCAOTA.
  6260 | D:7      | 6260 ||| READING 4 scrolls of identify.
  6260 | D:7      | 6260 ||| IDENTIFYING sapphire potion
  6261 | D:7      | 6261 ||| DROPPING potion of ambrosia.
  6288 | D:8      | 6288 ||| STAIRDANCE
  6297 | D:8      | 6297 ||| STAIRDANCE
  6444 | D:8      | 6444 ||| Stepping ~*~*~tactically~*~*~ (hiding).
  6527 | D:8      | Reached *** piety under Okawaru
  6549 | D:8      | Reached skill level 9 in Axes
  6597 | D:8      | 6597 ||| INVOKING Heroism.
  6604 | D:8      | Reached skill level 6 in Armour
  6716 | D:8      | 6716 ||| INVOKING Heroism.
  6723 | D:8      | Reached XP level 10. HP: 60/63 MP: 10/13
  6842 | D:8      | 6842 ||| Stepping ~*~*~tactically~*~*~ (hiding).
  6843 | D:8      | 6843 ||| FLEEEEING.
  6844 | D:8      | 6844 ||| FLEEEEING.
  6845 | D:8      | 6845 ||| FLEEEEING.
  6846 | D:8      | 6846 ||| DRINKING potion of curing.
  6846 | D:8      | 6846 ||| (to cure confusion)
  6847 | D:8      | 6847 ||| FLEEEEING.
  6851 | D:8      | 6851 ||| STAIRDANCE
  6903 | D:8      | 6903 ||| INVOKING Heroism.
  6958 | D:8      | 6958 ||| INVOKING Heroism.
  6969 | D:8      | Reached skill level 10 in Axes
  6987 | D:8      | Reached **** piety under Okawaru
  7007 | D:8      | Noticed a deep elf pyromancer
  7008 | D:8      | 7008 ||| Stepping ~*~*~tactically~*~*~ (stealth).
  7028 | D:8      | 7028 ||| Stepping ~*~*~tactically~*~*~ (stealth).
  7031 | D:8      | 7031 ||| Stepping ~*~*~tactically~*~*~ (stealth).
  7043 | D:8      | Killed a deep elf pyromancer
  7191 | D:8      | 7191 ||| DROPPING +1 pair of gloves of stealth.
  7220 | D:9      | 7220 ||| INVOKING Heroism.
  7221 | D:9      | 7221 ||| STAIRDANCE
  7306 | D:9      | 7306 ||| INVOKING Heroism.
  7310 | D:9      | 7310 ||| STAIRDANCE
  7344 | D:9      | 7344 ||| STAIRDANCE
  7375 | D:9      | 7375 ||| STAIRDANCE
  7389 | D:9      | 7389 ||| DROPPING +0 morningstar.
  7596 | D:9      | 7596 ||| Stepping ~*~*~tactically~*~*~ (stealth).
  7597 | D:9      | 7597 ||| Stepping ~*~*~tactically~*~*~ (stealth).
  7599 | D:9      | 7599 ||| INVOKING Heroism.
  7691 | D:9      | 7691 ||| Stepping ~*~*~tactically~*~*~ (hiding).
  7695 | D:9      | 7695 ||| INVOKING Heroism.
  7703 | D:9      | Reached skill level 6 in Invocations
  7741 | D:9      | 7741 ||| INVOKING Heroism.
  7743 | D:9      | Reached skill level 3 in Throwing
  7817 | D:9      | 7817 ||| Stepping ~*~*~tactically~*~*~ (stealth).
  7822 | D:9      | 7822 ||| INVOKING Heroism.
  7995 | D:9      | 7995 ||| INVOKING Heroism.
  8003 | D:9      | 8003 ||| Stepping ~*~*~tactically~*~*~ (stealth).
  8017 | D:9      | Identified the +0 longbow of Ewaol {venom, *Slow Will+
                  | Int+3 SInv}
  8195 | D:9      | Reached XP level 11. HP: 68/68 MP: 16/16
  8258 | D:9      | 8258 ||| UPGRADING to +0 kite shield.
  8268 | D:9      | 8268 ||| DROPPING +0 buckler.
  8269 | D:9      | 8269 ||| UPGRADING to ring of see invisible.
  8271 | D:9      | 8271 ||| UPGRADING to +6 ring of strength.
  8273 | D:9      | 8273 ||| READING scroll labelled XEIFAX NOYMPEIDD.
  8374 | D:9      | 8374 ||| READING 5 scrolls of identify.
  8374 | D:9      | 8374 ||| IDENTIFYING green potion
  8375 | D:9      | 8375 ||| DROPPING potion of invisibility.
  8406 | D:10     | Entered Level 10 of the Dungeon
  8413 | D:10     | 8413 ||| READING scroll of enchant armour.
  8413 | D:10     | 8413 ||| ENCHANTING +0 helmet.
  8427 | D:10     | Identified the +11 broad axe of Bovohese {vorpal, rPois
                  | Str-4 Int+6}
  8429 | D:10     | 8429 ||| SWAPPING to +11 broad axe of Bovohese {vorpal,
                  | rPois Str-4 Int+6}.
  8430 | D:10     | 8430 ||| DROPPING +1 spectral war axe.
  8945 | D:10     | Found Fasolob's Assorted Antiques.
  8969 | D:10     | 8969 ||| BUYING pair of glowing boots (195 gold).
  8969 | D:10     | Bought a pair of glowing boots for 195 gold pieces
  8969 | D:10     | 8969 ||| BUYING potion of mutation (208 gold).
  8969 | D:10     | Bought a potion of mutation for 208 gold pieces
  8969 | D:10     | 8969 ||| BUYING scroll of identify (52 gold).
  8969 | D:10     | Bought a scroll of identify for 52 gold pieces
  8969 | D:10     | 8969 ||| SHOPLISTING scroll of teleportation (78 gold, have
                  | 9).
  9272 | D:10     | 9272 ||| UPGRADING to +2 pair of boots.
  9282 | D:10     | 9282 ||| DROPPING +0 pair of boots.
  9283 | D:10     | 9283 ||| READING 5 scrolls of identify.
  9283 | D:10     | 9283 ||| IDENTIFYING sedimented golden potion
  9339 | D:11     | Noticed a manticore
  9340 | D:11     | 9340 ||| Stepping ~*~*~tactically~*~*~ (hiding).
  9342 | D:11     | 9342 ||| INVOKING Heroism.
  9349 | D:11     | Killed a manticore
  9350 | D:11     | Reached skill level 6 in Shields
  9365 | D:11     | Found a staircase to the Lair.
  9383 | D:11     | Noticed a cyclops
  9384 | D:11     | 9384 ||| INVOKING Heroism.
  9391 | D:11     | Killed a cyclops
  9391 | D:11     | Reached ***** piety under Okawaru
  9395 | D:11     | 9395 ||| Stepping ~*~*~tactically~*~*~ (stealth).
  9396 | D:11     | 9396 ||| Stepping ~*~*~tactically~*~*~ (stealth).
  9731 | D:11     | 9731 ||| INVOKING Heroism.
  9939 | D:11     | 9939 ||| DROPPING +3 morningstar.
  9949 | D:11     | Noticed a three-headed hydra
  9950 | D:11     | 9950 ||| INVOKING Heroism.
  9951 | D:11     | 9951 ||| SWAPPING to +1 hand axe of flaming.
  9954 | D:11     | Killed a one-headed hydra
  9955 | D:11     | 9955 ||| SWAPPING to +11 broad axe of Bovohese {vorpal,
                  | rPois Str-4 Int+6}.
 10023 | D:11     | Reached skill level 9 in Invocations
 10066 | D:11     | 10066 ||| INVOKING Heroism.
 10479 | D:11     | 10479 ||| PLANNING LAIR
 10535 | Lair:1   | Entered Level 1 of the Lair of Beasts
 10540 | Lair:1   | 10540 ||| INVOKING Heroism.
 10588 | Lair:1   | 10588 ||| INVOKING Heroism.
 10600 | Lair:1   | Reached skill level 9 in Shields
 10704 | Lair:1   | 10704 ||| INVOKING Heroism.
 10711 | Lair:1   | Reached XP level 12. HP: 68/73 MP: 17/19
 10863 | Lair:1   | 10863 ||| INVOKING Heroism.
 10930 | Lair:1   | Identified the +3 scimitar "Impbane" {vorpal, Str+7}
 11149 | Lair:1   | 11149 ||| DROPPING +0 hat of willpower.
 11150 | Lair:1   | 11150 ||| DROPPING +6 ring of dexterity.
 11151 | Lair:1   | 11151 ||| UPGRADING to +4 ring of evasion.
 11153 | Lair:1   | 11153 ||| READING 4 scrolls of identify.
 11153 | Lair:1   | 11153 ||| IDENTIFYING metallic clear potion
 11154 | Lair:1   | 11154 ||| DROPPING potion of berserk rage.
 11184 | Lair:2   | 11184 ||| INVOKING Heroism.
 11220 | Lair:2   | 11220 ||| Stepping ~*~*~tactically~*~*~ (stealth).
 11264 | Lair:2   | Received a gift from Okawaru
 11264 | Lair:2   | Noticed a boulder beetle
 11265 | Lair:2   | 11265 ||| Stepping ~*~*~tactically~*~*~ (stealth).
 11267 | Lair:2   | 11267 ||| INVOKING Heroism.
 11268 | Lair:2   | 11268 ||| INVOKING Finesse.
 11269 | Lair:2   | 11269 ||| INVOKING Finesse.
 11279 | Lair:2   | 11279 ||| Stepping ~*~*~tactically~*~*~ (stealth).
 11280 | Lair:2   | 11280 ||| Stepping ~*~*~tactically~*~*~ (stealth).
 11289 | Lair:2   | 11289 ||| INVOKING Finesse.
 11290 | Lair:2   | Killed a boulder beetle
 11543 | Lair:2   | Reached skill level 11 in Axes
 11543 | Lair:2   | 11543 ||| INVOKING Heroism.
 11560 | Lair:2   | 11560 ||| FLEEEEING.
 11561 | Lair:2   | 11561 ||| FLEEEEING.
 11566 | Lair:2   | 11566 ||| STAIRDANCE
 11755 | Lair:1   | 11755 ||| DROPPING scarf of harm.
 11883 | Lair:2   | Found a staircase to the Shoals.
 11962 | Lair:2   | 11962 ||| Stepping ~*~*~tactically~*~*~ (stealth).
 11964 | Lair:2   | 11964 ||| Stepping ~*~*~tactically~*~*~ (stealth).
 12558 | Lair:3   | 12558 ||| INVOKING Heroism.
 12617 | Lair:3   | Noticed a four-headed hydra
 12618 | Lair:3   | 12618 ||| INVOKING Heroism.
 12619 | Lair:3   | 12619 ||| INVOKING Finesse.
 12621 | Lair:3   | 12621 ||| SWAPPING to +1 hand axe of flaming.
 12627 | Lair:3   | Killed a one-headed hydra
 12628 | Lair:3   | Reached skill level 9 in Fighting
 12628 | Lair:3   | 12628 ||| SWAPPING to +11 broad axe of Bovohese {vorpal,
                  | rPois Str-4 Int+6}.
 12629 | Lair:3   | Noticed a five-headed hydra
 12638 | Lair:3   | 12638 ||| SWAPPING to +1 hand axe of flaming.
 12643 | Lair:3   | Killed a one-headed hydra
 12644 | Lair:3   | 12644 ||| SWAPPING to +11 broad axe of Bovohese {vorpal,
                  | rPois Str-4 Int+6}.
 12645 | Lair:3   | 12645 ||| Stepping randomly (cloudy).
 12646 | Lair:3   | 12646 ||| Stepping randomly (cloudy).
 12649 | Lair:3   | 12649 ||| Stepping ~*~*~tactically~*~*~ (cloud).
 12650 | Lair:3   | 12650 ||| Stepping ~*~*~tactically~*~*~ (cloud).
 12719 | Lair:3   | Identified the +4 whip "Lifebane" {vorpal, rElec rF- rN+}
 12846 | Lair:3   | 12846 ||| INVOKING Heroism.
 12853 | Lair:3   | Reached skill level 9 in Armour
 12947 | Lair:3   | Found a staircase to the Snake Pit.
 12948 | Lair:3   | 12948 ||| INVOKING Heroism.
 13577 | Lair:4   | 13577 ||| INVOKING Heroism.
 13579 | Lair:4   | 13579 ||| Stepping ~*~*~tactically~*~*~ (stealth).
 13580 | Lair:4   | 13580 ||| Stepping ~*~*~tactically~*~*~ (stealth).
 13607 | Lair:4   | 13607 ||| FLEEEEING.
 13608 | Lair:4   | 13608 ||| INVOKING Heroism.
 13658 | Lair:4   | Reached skill level 12 in Axes
 13658 | Lair:4   | Reached XP level 13. HP: 80/80 MP: 20/20
 13662 | Lair:4   | 13662 ||| INVOKING Heroism.
 13706 | Lair:4   | 13706 ||| SWAPPING to +1 hand axe of flaming.
 13715 | Lair:4   | 13715 ||| SWAPPING to +11 broad axe of Bovohese {vorpal,
                  | rPois Str-4 Int+6}.
 13718 | Lair:4   | 13718 ||| INVOKING Heroism.
 13722 | Lair:4   | 13722 ||| Stepping ~*~*~tactically~*~*~ (stealth).
 14018 | Lair:4   | Received a gift from Okawaru
 14053 | Lair:4   | 14053 ||| INVOKING Heroism.
 14415 | Lair:4   | 14415 ||| UPGRADING to amulet of reflection.
 14436 | Lair:5   | Entered Level 5 of the Lair of Beasts
 14437 | Lair:5   | 14437 ||| INVOKING Heroism.
 14441 | Lair:5   | 14441 ||| STAIRDANCE
 14455 | Lair:5   | Received a gift from Okawaru
 14587 | Lair:5   | 14587 ||| Stepping ~*~*~tactically~*~*~ (stealth).
 14588 | Lair:5   | 14588 ||| INVOKING Heroism.
 14595 | Lair:5   | 14595 ||| INVOKING Finesse.
 14601 | Lair:5   | 14601 ||| SWAPPING to +1 hand axe of flaming.
 14617 | Lair:5   | 14617 ||| SWAPPING to +11 broad axe of Bovohese {vorpal,
                  | rPois Str-4 Int+6}.
 14661 | Lair:5   | 14661 ||| INVOKING Heroism.
 14675 | Lair:5   | 14675 ||| INVOKING Finesse.
 14680 | Lair:5   | 14680 ||| Stepping ~*~*~tactically~*~*~ (stealth).
 14725 | Lair:5   | 14725 ||| INVOKING Heroism.
 14726 | Lair:5   | Received a gift from Okawaru
 14727 | Lair:5   | Reached skill level 13 in Axes
 14789 | Lair:5   | 14789 ||| Stepping ~*~*~tactically~*~*~ (stealth).
 14801 | Lair:5   | 14801 ||| DROPPING +1 hand axe of flaming.
 14888 | Lair:5   | 14888 ||| INVOKING Heroism.
 14889 | Lair:5   | 14889 ||| INVOKING Finesse.
 14958 | Lair:5   | 14958 ||| INVOKING Heroism.
 14959 | Lair:5   | 14959 ||| Stepping ~*~*~tactically~*~*~ (stealth).
 14984 | Lair:5   | 14984 ||| Stepping ~*~*~tactically~*~*~ (stealth).
 15024 | Lair:5   | 15024 ||| Stepping ~*~*~tactically~*~*~ (stealth).
 15029 | Lair:5   | 15029 ||| INVOKING Heroism.
 15102 | Lair:5   | Received a gift from Okawaru
 15213 | Lair:5   | 15213 ||| INVOKING Heroism.
 15214 | Lair:5   | 15214 ||| INVOKING Finesse.
 15221 | Lair:5   | 15221 ||| Stepping ~*~*~tactically~*~*~ (hiding).
 15439 | Lair:5   | Gained mutation: Your large and strong wings let you fly.
                  | [Gargoyle growth]
 15439 | Lair:5   | Reached XP level 14. HP: 88/88 MP: 21/21
 15471 | Lair:5   | 15471 ||| INVOKING Heroism.
 15472 | Lair:5   | 15472 ||| INVOKING Finesse.
 15521 | Lair:5   | 15521 ||| Stepping ~*~*~tactically~*~*~ (stealth).
 15610 | Lair:5   | 15610 ||| INVOKING Heroism.
 15611 | Lair:5   | 15611 ||| INVOKING Finesse.
 15623 | Lair:5   | Reached skill level 14 in Axes
 15668 | Lair:5   | 15668 ||| Stepping ~*~*~tactically~*~*~ (stealth).
 15670 | Lair:5   | 15670 ||| INVOKING Heroism.
 15740 | Lair:5   | 15740 ||| INVOKING Heroism.
 15774 | Lair:5   | 15774 ||| READING scroll of enchant armour.
 15774 | Lair:5   | 15774 ||| ENCHANTING +1 helmet.
 15798 | Lair:5   | 15798 ||| INVOKING Heroism.
 15799 | Lair:5   | 15799 ||| INVOKING Finesse.
 15803 | Lair:5   | 15803 ||| SWAPPING to +2 broad axe of flaming.
 15808 | Lair:5   | 15808 ||| SWAPPING to +11 broad axe of Bovohese {vorpal,
                  | rPois Str-4 Int+6}.
 15852 | Lair:5   | Found a staircase to the Slime Pits.
 15852 | Lair:5   | Found a viscous altar of Jiyva.
 15963 | Lair:5   | 15963 ||| Stepping ~*~*~tactically~*~*~ (stealth).
 15965 | Lair:5   | 15965 ||| Stepping ~*~*~tactically~*~*~ (stealth).
 15967 | Lair:5   | 15967 ||| Stepping ~*~*~tactically~*~*~ (stealth).
 15968 | Lair:5   | 15968 ||| Stepping ~*~*~tactically~*~*~ (stealth).
 15972 | Lair:5   | 15972 ||| INVOKING Heroism.
 16146 | Lair:5   | 16146 ||| Stepping ~*~*~tactically~*~*~ (stealth).
 16147 | Lair:5   | 16147 ||| Stepping ~*~*~tactically~*~*~ (stealth).
 16161 | Lair:5   | 16161 ||| Stepping ~*~*~tactically~*~*~ (stealth).
 16171 | Lair:5   | 16171 ||| PLANNING D
 16171 | Lair:5   | 16171 ||| DROPPING amulet of the acrobat.
 16172 | Lair:5   | 16172 ||| DROPPING amulet of magic regeneration.
 16269 | D:12     | 16269 ||| STAIRDANCE
 16315 | D:12     | 16315 ||| INVOKING Heroism.
 16316 | D:12     | 16316 ||| INVOKING Finesse.
 16317 | D:12     | 16317 ||| INVOKING Finesse.
 16318 | D:12     | 16318 ||| INVOKING Finesse.
 16368 | D:12     | 16368 ||| Stepping ~*~*~tactically~*~*~ (stealth).
 16420 | D:12     | Found a staircase to the Orcish Mines.
 16448 | D:12     | Identified the +1 robe of the Monkey {rPois rF+ rC+ Dex-2}
 16493 | D:12     | 16493 ||| DRINKING 7 potions of curing.
 16493 | D:12     | 16493 ||| (to cure confusion)
 16494 | D:12     | 16494 ||| INVOKING Heroism.
 16495 | D:12     | 16495 ||| INVOKING Finesse.
 16517 | D:12     | 16517 ||| DRINKING 6 potions of curing.
 16517 | D:12     | 16517 ||| (to cure confusion)
 16518 | D:12     | 16518 ||| DRINKING 5 potions of curing.
 16518 | D:12     | 16518 ||| (to cure confusion)
 16523 | D:12     | 16523 ||| DRINKING 4 potions of curing.
 16523 | D:12     | 16523 ||| (to cure confusion)
 16527 | D:12     | Reached skill level 12 in Shields
 16538 | D:12     | 16538 ||| DRINKING 3 potions of curing.
 16538 | D:12     | 16538 ||| (to cure confusion)
 16548 | D:12     | 16548 ||| INVOKING Finesse.
 16550 | D:12     | 16550 ||| DRINKING 2 potions of curing.
 16550 | D:12     | 16550 ||| (to cure confusion)
 16705 | D:12     | 16705 ||| INVOKING Heroism.
 16742 | D:12     | Received a gift from Okawaru
 16757 | D:12     | 16757 ||| Stepping ~*~*~tactically~*~*~ (hiding).
 16759 | D:12     | 16759 ||| Stepping ~*~*~tactically~*~*~ (hiding).
 16761 | D:12     | 16761 ||| Stepping ~*~*~tactically~*~*~ (hiding).
 16761 | D:12     | Found a frozen archway.
 16762 | D:12     | 16762 ||| Stepping ~*~*~tactically~*~*~ (hiding).
 16763 | D:12     | 16763 ||| Stepping ~*~*~tactically~*~*~ (hiding).
 16765 | D:12     | 16765 ||| Stepping ~*~*~tactically~*~*~ (hiding).
 16788 | D:12     | 16788 ||| Stepping ~*~*~tactically~*~*~ (stealth).
 16803 | D:12     | 16803 ||| Stepping ~*~*~tactically~*~*~ (stealth).
 17041 | D:12     | 17041 ||| Stepping ~*~*~tactically~*~*~ (stealth).
 17043 | D:12     | 17043 ||| Stepping ~*~*~tactically~*~*~ (hiding).
 17045 | D:12     | 17045 ||| INVOKING Heroism.
 17137 | D:12     | Received a gift from Okawaru
 17163 | D:12     | 17163 ||| DROPPING +2 helmet.
 17241 | D:13     | Found a runed translucent gate.
 17267 | D:13     | 17267 ||| INVOKING Heroism.
 17268 | D:13     | 17268 ||| INVOKING Finesse.
 17275 | D:13     | 17275 ||| SWAPPING to +2 broad axe of flaming.
 17282 | D:13     | 17282 ||| SWAPPING to +11 broad axe of Bovohese {vorpal,
                  | rPois Str-4 Int+6}.
 17310 | D:13     | 17310 ||| Stepping ~*~*~tactically~*~*~ (stealth).
 17316 | D:13     | 17316 ||| Stepping ~*~*~tactically~*~*~ (stealth).
 17317 | D:13     | 17317 ||| Stepping ~*~*~tactically~*~*~ (stealth).
 17328 | D:13     | 17328 ||| Stepping ~*~*~tactically~*~*~ (hiding).
 17329 | D:13     | 17329 ||| Stepping ~*~*~tactically~*~*~ (hiding).
 17449 | D:13     | 17449 ||| Stepping ~*~*~tactically~*~*~ (hiding).
 17454 | D:13     | 17454 ||| INVOKING Heroism.
 17477 | D:13     | Identified the +0 chain mail "Luthrej" {Fly} (Okawaru
                  | gifted it to you on level 13 of the Dungeon)
 17477 | D:13     | Received a gift from Okawaru
 17482 | D:13     | 17482 ||| INVOKING Heroism.
 17483 | D:13     | Found a portal to a secret trove of treasure.
 17654 | D:13     | Found a runed translucent gate.
 17654 | D:13     | Found a runed translucent gate.
 17655 | D:13     | Noticed an azure jelly
 17657 | D:13     | Noticed Kiokkeho's ghost (journeyman TrMo)
 17657 | D:13     | Noticed an acid blob
 17657 | D:13     | Noticed a rockslime
 17658 | D:13     | Noticed an acid blob
 17658 | D:13     | Noticed an acid blob
 17659 | D:13     | Noticed an acid blob
 17811 | D:13     | Noticed an azure jelly
 17813 | D:13     | Noticed a rockslime
 17813 | D:13     | Noticed an acid blob
 17814 | D:13     | Noticed an acid blob
 17815 | D:13     | Noticed an azure jelly
 17817 | D:13     | Found a viscous altar of Jiyva.
 17818 | D:13     | 17818 ||| DROPPING +0 chain mail "Luthrej" {Fly}.
 17936 | D:14     | Found Coapsi's General Store.
 17944 | D:14     | 17944 ||| BUYING potion of attraction (45 gold).
 17944 | D:14     | Bought a potion of attraction for 45 gold pieces
 17944 | D:14     | 17944 ||| BUYING ring of resist corrosion (300 gold).
 17944 | D:14     | Bought a ring of resist corrosion for 300 gold pieces
 18100 | D:14     | Found a runed translucent door.
 18101 | D:14     | Found a shimmering altar of Xom.
 18101 | D:14     | Noticed Opnastoc's ghost (journeyman MiBe)
 18101 | D:14     | Identified the +6 dire flail "Eboylun" {chaos, rElec Int+3
                  | SInv}
 18102 | D:14     | 18102 ||| INVOKING Heroism.
 18105 | D:14     | 18105 ||| Stepping ~*~*~tactically~*~*~ (stealth).
 18130 | D:14     | 18130 ||| INVOKING Heroism.
 18316 | D:14     | 18316 ||| INVOKING Heroism.
 18325 | D:14     | Reached skill level 6 in Throwing
 18331 | D:14     | Reached skill level 15 in Axes
 18339 | D:14     | Reached XP level 15. HP: 62/94 MP: 22/22
 18474 | D:14     | Found a gate to the Vaults.
 18490 | D:14     | 18490 ||| Stepping ~*~*~tactically~*~*~ (stealth).
 18492 | D:14     | 18492 ||| Stepping ~*~*~tactically~*~*~ (hiding).
 18670 | D:14     | Found a shadowy altar of Dithmenos.
 18681 | D:14     | 18681 ||| FLEEEEING.
 18682 | D:14     | 18682 ||| FLEEEEING.
 18683 | D:14     | 18683 ||| FLEEEEING.
 18951 | D:14     | 18951 ||| UPGRADING to +0 cloak.
 18956 | D:14     | 18956 ||| DROPPING +6 ring of strength.
 18989 | D:15     | Entered Level 15 of the Dungeon
 19202 | D:15     | Noticed Rupert
 19203 | D:15     | 19203 ||| INVOKING Heroism.
 19204 | D:15     | 19204 ||| INVOKING Finesse.
 19213 | D:15     | Killed Rupert
 19221 | D:15     | 19221 ||| Stepping ~*~*~tactically~*~*~ (stealth).
 19222 | D:15     | 19222 ||| Stepping ~*~*~tactically~*~*~ (stealth).
 19232 | D:15     | Received a gift from Okawaru
 19243 | D:15     | Received a gift from Okawaru
 19244 | D:15     | Reached skill level 12 in Armour
 19400 | D:15     | Reached skill level 12 in Fighting
 19461 | D:15     | 19461 ||| Stepping ~*~*~tactically~*~*~ (hiding).
 19489 | D:15     | 19489 ||| Stepping ~*~*~tactically~*~*~ (stealth).
 19506 | D:15     | 19506 ||| INVOKING Heroism.
 19508 | D:15     | Received a gift from Okawaru
 19509 | D:15     | 19509 ||| Stepping ~*~*~tactically~*~*~ (hiding).
 19526 | D:15     | 19526 ||| Stepping ~*~*~tactically~*~*~ (hiding).
 19527 | D:15     | 19527 ||| Stepping ~*~*~tactically~*~*~ (hiding).
 19527 | D:15     | Found a staircase to the Depths.
 19532 | Abyss:3  | Cast into level 3 of the Abyss (a wizard)
 19553 | Abyss:3  | 19553 ||| Stepping ~*~*~tactically~*~*~ (stealth).
 19622 | Abyss:3  | 19622 ||| Stepping ~*~*~tactically~*~*~ (stealth).
 19662 | Abyss:3  | 19662 ||| Stepping ~*~*~tactically~*~*~ (hiding).
 19664 | Abyss:3  | 19664 ||| INVOKING Heroism.
 19664 | Abyss:3  | Gained mutation: Your magical capacity is low. (-10% MP) [a
                  | neqoxec]
 19664 | Abyss:3  | Gained mutation: You have hidden genetic defects. [a
                  | neqoxec]
 19671 | Abyss:3  | Gained mutation: You occasionally shout uncontrollably at
                  | your foes. [a neqoxec]
 19691 | Abyss:3  | 19691 ||| Stepping ~*~*~tactically~*~*~ (stealth).
 19698 | Abyss:3  | 19698 ||| Stepping ~*~*~tactically~*~*~ (stealth).
 19711 | Abyss:3  | 19711 ||| Stepping ~*~*~tactically~*~*~ (stealth).
 19724 | Abyss:3  | 19724 ||| Stepping ~*~*~tactically~*~*~ (stealth).
 19726 | Abyss:3  | 19726 ||| Stepping ~*~*~tactically~*~*~ (stealth).
 19732 | Abyss:3  | 19732 ||| INVOKING Heroism.
 19744 | Abyss:3  | 19744 ||| Stepping ~*~*~tactically~*~*~ (stealth).
 19745 | Abyss:3  | 19745 ||| Stepping ~*~*~tactically~*~*~ (stealth).
 19750 | Abyss:3  | 19750 ||| Stepping ~*~*~tactically~*~*~ (stealth).
 19755 | Abyss:3  | 19755 ||| Stepping ~*~*~tactically~*~*~ (stealth).
 19758 | Abyss:3  | 19758 ||| Stepping ~*~*~tactically~*~*~ (stealth).
 19760 | Abyss:3  | 19760 ||| Stepping ~*~*~tactically~*~*~ (stealth).
 19763 | Abyss:3  | 19763 ||| INVOKING Heroism.
 19783 | Abyss:3  | Received a gift from Okawaru
 19823 | Abyss:3  | 19823 ||| Stepping ~*~*~tactically~*~*~ (stealth).
 19824 | Abyss:3  | 19824 ||| Stepping ~*~*~tactically~*~*~ (hiding).
 19825 | Abyss:3  | 19825 ||| Stepping ~*~*~tactically~*~*~ (hiding).
 19826 | Abyss:3  | 19826 ||| Stepping ~*~*~tactically~*~*~ (stealth).
 19828 | Abyss:3  | 19828 ||| INVOKING Heroism.
 19831 | Abyss:3  | HP: 24/96 [starcursed mass/accursed screaming (6)]
 19832 | Abyss:3  | 19832 ||| READING 6 scrolls of teleportation.
 19835 | Abyss:3  | 19835 ||| DRINKING 3 potions of heal wounds.
 19839 | Abyss:3  | HP: 24/96 [starcursed mass/accursed screaming (8)]
 19840 | Abyss:3  | 19840 ||| DRINKING 2 potions of heal wounds.
 19845 | Abyss:3  | Noticed an ancient lich
 19850 | Abyss:3  | Reached skill level 16 in Axes
 19905 | Abyss:3  | 19905 ||| Stepping ~*~*~tactically~*~*~ (stealth).
 19907 | Abyss:3  | 19907 ||| Stepping ~*~*~tactically~*~*~ (stealth).
 19918 | Abyss:3  | 19918 ||| INVOKING Heroism.
 19954 | Abyss:3  | 19954 ||| Stepping ~*~*~tactically~*~*~ (stealth).
 19963 | Abyss:3  | 19963 ||| Stepping ~*~*~tactically~*~*~ (stealth).
 19976 | Abyss:3  | 19976 ||| INVOKING Heroism.
 20006 | Abyss:3  | 20006 ||| Stepping ~*~*~tactically~*~*~ (stealth).
 20007 | Abyss:3  | 20007 ||| Stepping ~*~*~tactically~*~*~ (stealth).
 20015 | Abyss:3  | 20015 ||| Stepping ~*~*~tactically~*~*~ (stealth).
 20020 | Abyss:3  | 20020 ||| INVOKING Heroism.
 20040 | Abyss:3  | Gained mutation: You are frail. (-10% HP) [hidden defects]
 20043 | Abyss:3  | 20043 ||| Stepping ~*~*~tactically~*~*~ (stealth).
 20044 | Abyss:3  | 20044 ||| DRINKING 3 potions of mutation.
 20044 | Abyss:3  | Lost mutation: Your magical capacity is low. (-10% MP)
                  | [potion of mutation]
 20044 | Abyss:3  | Lost mutation: You are frail. (-10% HP) [potion of
                  | mutation]
 20044 | Abyss:3  | Lost mutation: You have hidden genetic defects. [potion of
                  | mutation]
 20044 | Abyss:3  | Gained mutation: You sometimes lose your temper in combat.
                  | [potion of mutation]
 20045 | Abyss:3  | 20045 ||| Stepping ~*~*~tactically~*~*~ (stealth).
 20046 | Abyss:3  | 20046 ||| DRINKING 2 potions of mutation.
 20046 | Abyss:3  | Lost mutation: You sometimes lose your temper in combat.
                  | [potion of mutation]
 20046 | Abyss:3  | Lost mutation: You occasionally shout uncontrollably at
                  | your foes. [potion of mutation]
 20046 | Abyss:3  | Gained mutation: You are robust. (+10% HP) [potion of
                  | mutation]
 20046 | Abyss:3  | Gained mutation: You expend magic power (3 MP) to
                  | strengthen your wands. [potion of mutation]
 20047 | Abyss:3  | 20047 ||| Stepping ~*~*~tactically~*~*~ (stealth).
 20051 | Abyss:3  | 20051 ||| Stepping ~*~*~tactically~*~*~ (stealth).
 20061 | Abyss:3  | 20061 ||| Stepping ~*~*~tactically~*~*~ (stealth).
 20062 | Abyss:3  | 20062 ||| Stepping ~*~*~tactically~*~*~ (stealth).
 20063 | Abyss:3  | 20063 ||| Stepping ~*~*~tactically~*~*~ (stealth).
 20064 | Abyss:3  | 20064 ||| Stepping ~*~*~tactically~*~*~ (stealth).
 20065 | Abyss:3  | 20065 ||| INVOKING Heroism.
 20068 | Abyss:3  | 20068 ||| DRINKING 3 potions of curing.
 20068 | Abyss:3  | 20068 ||| (to cure confusion)
 20093 | Abyss:3  | 20093 ||| Stepping ~*~*~tactically~*~*~ (stealth).
 20094 | Abyss:3  | 20094 ||| Stepping ~*~*~tactically~*~*~ (hiding).
 20115 | Abyss:3  | 20115 ||| INVOKING Heroism.
 20124 | Abyss:3  | 20124 ||| Stepping ~*~*~tactically~*~*~ (stealth).
 20162 | Abyss:3  | 20162 ||| Stepping ~*~*~tactically~*~*~ (stealth).
 20176 | Abyss:3  | Noticed a bone dragon
 20177 | Abyss:3  | 20177 ||| Stepping ~*~*~tactically~*~*~ (stealth).
 20235 | Abyss:3  | Found a corrupted altar of Lugonu.
 20257 | Abyss:3  | 20257 ||| Stepping ~*~*~tactically~*~*~ (stealth).
 20258 | Abyss:3  | 20258 ||| Stepping ~*~*~tactically~*~*~ (stealth).
 20261 | Abyss:3  | 20261 ||| Stepping ~*~*~tactically~*~*~ (stealth).
 20262 | Abyss:3  | 20262 ||| Stepping ~*~*~tactically~*~*~ (stealth).
 20263 | Abyss:3  | 20263 ||| Stepping ~*~*~tactically~*~*~ (stealth).
 20264 | Abyss:3  | 20264 ||| Stepping ~*~*~tactically~*~*~ (stealth).
 20265 | Abyss:3  | 20265 ||| Stepping ~*~*~tactically~*~*~ (stealth).
 20266 | Abyss:3  | 20266 ||| Stepping ~*~*~tactically~*~*~ (stealth).
 20267 | Abyss:3  | 20267 ||| Stepping ~*~*~tactically~*~*~ (stealth).
 20268 | Abyss:3  | 20268 ||| Stepping ~*~*~tactically~*~*~ (stealth).
 20324 | D:15     | Escaped the Abyss
 20387 | D:15     | 20387 ||| Stepping ~*~*~tactically~*~*~ (stealth).
 20389 | D:15     | 20389 ||| Stepping ~*~*~tactically~*~*~ (stealth).
 20775 | D:15     | Identified the +1 ring mail "Ozoecog" {Dex+5 Stlth+}
 20785 | D:15     | Found a broken altar of Ashenzari.
 20873 | D:15     | 20873 ||| PLANNING ORC
 20873 | D:15     | 20873 ||| DROPPING amulet of guardian spirit.
 20874 | D:15     | 20874 ||| READING scroll labelled UREOMA AGHIE.
 21061 | Orc:1    | Entered Level 1 of the Orcish Mines
 21067 | Orc:1    | Received a gift from Okawaru
 21140 | Orc:1    | 21140 ||| INVOKING Heroism.
 21151 | Orc:1    | 21151 ||| DRINKING 2 potions of curing.
 21151 | Orc:1    | 21151 ||| (to cure confusion)
 21266 | Orc:2    | Entered Level 2 of the Orcish Mines
 21267 | Orc:2    | 21267 ||| STAIRDANCE
 21273 | Orc:2    | 21273 ||| STAIRDANCE
 21275 | Orc:1    | 21275 ||| INVOKING Heroism.
 21314 | Orc:2    | 21314 ||| STAIRDANCE
 21320 | Orc:2    | 21320 ||| STAIRDANCE
 21331 | Orc:2    | 21331 ||| STAIRDANCE
 21333 | Orc:1    | 21333 ||| INVOKING Heroism.
 21343 | Orc:2    | 21343 ||| STAIRDANCE
 21345 | Orc:1    | 21345 ||| INVOKING Finesse.
 21547 | Orc:2    | 21547 ||| STAIRDANCE
 21552 | Orc:1    | Received a gift from Okawaru
 21606 | Orc:2    | 21606 ||| STAIRDANCE
 21612 | Orc:2    | 21612 ||| STAIRDANCE
 21619 | Orc:2    | 21619 ||| STAIRDANCE
 21671 | Orc:2    | 21671 ||| STAIRDANCE
 21716 | Orc:2    | 21716 ||| INVOKING Heroism.
 21724 | Orc:2    | 21724 ||| Stepping ~*~*~tactically~*~*~ (hiding).
 21746 | Orc:2    | Reached XP level 16. HP: 97/111 MP: 23/23
 21859 | Orc:2    | 21859 ||| INVOKING Heroism.
 22070 | Orc:2    | 22070 ||| Stepping ~*~*~tactically~*~*~ (hiding).
 22075 | Orc:2    | 22075 ||| INVOKING Heroism.
 22108 | Orc:2    | Received a gift from Okawaru
 22113 | Orc:2    | 22113 ||| INVOKING Heroism.
 22136 | Orc:2    | 22136 ||| INVOKING Finesse.
 22150 | Orc:2    | 22150 ||| INVOKING Heroism.
 22197 | Orc:2    | Found a staircase to the Elven Halls.
 22200 | Orc:2    | Identified the +1 chain mail of Autumn {-Tele rElec Int-3
                  | Dex+6}
 22349 | Orc:2    | 22349 ||| Stepping ~*~*~tactically~*~*~ (stealth).
 22352 | Orc:2    | 22352 ||| Stepping ~*~*~tactically~*~*~ (stealth).
 22358 | Orc:2    | 22358 ||| Stepping ~*~*~tactically~*~*~ (hiding).
 22468 | Orc:2    | 22468 ||| INVOKING Heroism.
 22471 | Orc:2    | Reached skill level 17 in Axes
 22541 | Orc:2    | 22541 ||| INVOKING Heroism.
 22543 | Orc:2    | 22543 ||| Stepping ~*~*~tactically~*~*~ (hiding).
 22617 | Orc:2    | Found Xoec's Weapon Shoppe.
 22635 | Orc:2    | Paralysed by an orc sorcerer for 3 turns
 22638 | Orc:2    | 22638 ||| INVOKING Heroism.
 22642 | Orc:2    | 22642 ||| INVOKING Finesse.
 22645 | Orc:2    | Found Caivuomu's Antique Weapon Boutique.
 22654 | Orc:2    | HP: 21/113 [orc priest/divine providence[an orc warlord]
                  | (10)]
 22655 | Orc:2    | 22655 ||| READING 5 scrolls of teleportation.
 22656 | Orc:2    | 22656 ||| DRINKING potion of heal wounds.
 23061 | Orc:2    | 23061 ||| Stepping ~*~*~tactically~*~*~ (hiding).
 23063 | Orc:2    | 23063 ||| INVOKING Heroism.
 23110 | Orc:2    | Found Feseges's Magic Scroll Boutique.
 23116 | Orc:2    | 23116 ||| BUYING scroll of teleportation (54 gold).
 23116 | Orc:2    | Bought a scroll of teleportation for 54 gold pieces
 23126 | Orc:2    | 23126 ||| INVOKING Heroism.
 23133 | Orc:2    | Received a gift from Okawaru
 23190 | Orc:2    | Found Maesisei's General Store.
 23204 | Orc:2    | 23204 ||| BUYING potion of haste (140 gold).
 23204 | Orc:2    | Bought a potion of haste for 140 gold pieces
 23204 | Orc:2    | 23204 ||| BUYING potion of magic (112 gold).
 23204 | Orc:2    | Bought a potion of magic for 112 gold pieces
 23204 | Orc:2    | 23204 ||| BUYING scroll of brand weapon (133 gold).
 23204 | Orc:2    | Bought a scroll of brand weapon for 133 gold pieces
 23204 | Orc:2    | 23204 ||| DROPPING +1 chain mail of Autumn {-Tele rElec
                  | Int-3 Dex+6}.
 23218 | Orc:2    | 23218 ||| Stepping ~*~*~tactically~*~*~ (stealth).
 23220 | Orc:2    | 23220 ||| INVOKING Heroism.
 23221 | Orc:2    | 23221 ||| INVOKING Finesse.
 23273 | Orc:2    | 23273 ||| UPGRADING to +3 chain mail of fire resistance.
 23301 | Orc:1    | 23301 ||| INVOKING Heroism.
 23341 | Abyss:3  | Cast into level 3 of the Abyss (orc warrior)
 23358 | Abyss:3  | 23358 ||| Stepping ~*~*~tactically~*~*~ (stealth).
 23359 | Abyss:3  | 23359 ||| Stepping ~*~*~tactically~*~*~ (stealth).
 23360 | Abyss:3  | 23360 ||| Stepping ~*~*~tactically~*~*~ (stealth).
 23361 | Abyss:3  | 23361 ||| Stepping ~*~*~tactically~*~*~ (stealth).
 23362 | Abyss:3  | 23362 ||| Stepping ~*~*~tactically~*~*~ (stealth).
 23363 | Abyss:3  | Noticed an Executioner
 23364 | Abyss:3  | Found a corrupted altar of Lugonu.
 23373 | Abyss:3  | 23373 ||| INVOKING Heroism.
 23379 | Abyss:3  | Reached skill level 3 in Dodging
 23379 | Abyss:3  | Killed an Executioner
 23381 | Abyss:3  | HP: 28/114 [lurking horror (7)]
 23394 | Abyss:3  | 23394 ||| INVOKING Heroism.
 23398 | Abyss:3  | HP: 17/114 [hell knight/+2 great sword (16)]
 23399 | Abyss:3  | 23399 ||| READING 5 scrolls of teleportation.
 23402 | Abyss:3  | HP: 5/114 [hell knight/+0 halberd (5)]
 23403 | Abyss:3  | Mangled by a hell knight

Levels and vault maps discovered:
D:1:      saegor_arrival_simple_d, layout_basic, serial_shops, shop,
          shapermc_ecumenical_altar_petra
D:2:      layout_rooms, corexii_leaking_fountain, minmay_misc_feat_plants,
          mrwooster_statue_mirror
D:3:      layout_basic, serial_co_window_serial, co_window_paths_b,
          co_window_cross_1, co_window_of_opportunity_a, co_window_paths_b,
          co_window_cross_1, co_window_paths_a, co_window_of_opportunity_a,
          co_window_corner_b, co_window_corner_b, co_window_corner_cb,
          glass_columns_a, glass_columns_b, glass_columns_b, glass_columns_a,
          uniq_jessica
D:4:      layout_basic, chequers_avenue, eino_small_chamber_without_monster,
          uniq_robin
D:5:      layout_rooms, grunt_ministairs_4
D:6:      layout_layer_cave, grunt_qazlal_sundering
D:7:      layout_rooms, temple_green, enter_bailey_2, serial_rivers,
          chequers_serial_rivers_micro_e, chequers_serial_rivers_micro_b,
          chequers_serial_rivers_micro_c, chequers_serial_rivers_small_3,
          chequers_serial_rivers_marsh, chequers_serial_rivers_room_a,
          guppyfry_early_elven_hall
D:8:      layout_gridville
D:9:      layout_basic, nicolae_fountain_basement
D:10:     layout_cave_pods, serial_shops, nicolae_shop_waterfront
D:11:     layout_loops_corners, lair_entry_dummy, hangedman_ranch
D:12:     layout_rooms, david_orc_1_choice, portal_ice_cave_entry_imps,
          minivault_16
D:13:     layout_cave_pools, gammafunk_ghost_ooze, nicolae_trove_entry_isolated
D:14:     layout_cave_pods, david_vaults_5, grunt_dithmenos_smoke, serial_shops,
          shop, ebering_ghost_xom
D:15:     grunt_enter_depths_magical_seal, layout_basic,
          ashenzari_conservatory_becter, uniq_rupert
Temple:   mainiacjoe_temple_circle_huts
Lair:1:   layout_cellular_growth
Lair:2:   layout_layer_cave, elwin_shoals_entry_rooms, nzn_sisyphean_effort
Lair:3:   layout_cave_pods, minmay_snake_entry_guardpost_large
Lair:4:   layout_hall_layers, serial_bayou_pond_d, chequers_serial_rivers_marsh,
          lemuel_fruit_fields
Lair:5:   due_jungle_book, layout_regular_city, nicolae_slime_entry_slimehenge,
          serial_bayou_lagoon_a, st_stairs_3, kilobyte_rumbling_trees
Orc:1:    layout_caves, nicolae_orc_tapped_out
Orc:2:    hellmonk_orc_salted, layout_caves, elf_legates
Abyss:3:  base: Lair:4, gammafunk_abyss_rune_reverse_zot, base: Bailey,
          due_exit_kobolds

Skill      XL: |  1  2  3  4  5  6  7  8  9 10 11 12 13 14 15 16 |
---------------+-------------------------------------------------+-----
Axes           | 2 3 4 5 6 7 8 9 10 12 13 15 16 17 | 17.1
Dodging        | 1 2 3 |  3.0
Fighting       | 4 5 7 8 9 10 11 12 13 | 13.0
Throwing       | 2 3 4 6 7 |  7.0
Invocations    | 3 4 7 10 | 10.0
Armour         | 6 7 9 10 11 12 | 12.3
Shields        | 4 5 9 10 11 12 13 | 13.0

Action                   |  1- 3 |  4- 6 |  7- 9 | 10-12 | 13-15 | 16-18 || total
-------------------------+-------+-------+-------+-------+-------+-------++-------
Melee: War axe           |    46 |    71 |    97 |   119 |       |       ||   333
       Broad axe         |       |       |       |   217 |   860 |   231 ||  1308
       Hand axe          |       |       |       |    12 |    21 |       ||    33
Throw: Boomerang         |       |       |    41 |    18 |    71 |    11 ||   141
       Javelin           |       |       |    18 |    84 |   102 |    32 ||   236
Invok: Heroism           |       |       |     3 |    27 |    42 |    13 ||    85
       Finesse           |       |       |       |     3 |    13 |     3 ||    19
  Use: Scroll            |     5 |     8 |    11 |     5 |     3 |     2 ||    34
       Potion            |     1 |     2 |     2 |     1 |    12 |     1 ||    19
 Stab: Distracted        |       |       |       |     1 |       |       ||     1
Armor: Scale mail        |    14 |    25 |    27 |       |       |       ||    66
       Plate armour      |       |       |    11 |   167 |   349 |    35 ||   562
       Chain mail        |       |       |       |       |       |    54 ||    54
Dodge: Dodged            |    17 |    26 |    30 |    92 |   215 |    66 ||   446
Block: Buckler           |     4 |     7 |    16 |    22 |       |       ||    49
       Kite shield       |       |       |       |   113 |   543 |   180 ||   836
       Reflection        |       |       |       |       |    16 |     8 ||    24

Table legend:
 A = Non-vault XP
 B = Vault XP
 C = Vault XP percentage of total XP
 D = Non-vault monster count
 E = Vault monster count
 F = Vault count percentage of total count
                 A         B        C        D         E       F
            +---------+---------+-------+---------+---------+-------
      Total |  110876 |   47679 |  30.1 |     509 |     160 |  23.9
            +---------+---------+-------+---------+---------+-------
        D:1 |      24 |       0 |   0.0 |      13 |       0 |   0.0
        D:2 |      75 |       0 |   0.0 |      15 |       0 |   0.0
        D:3 |      39 |      37 |  48.7 |       9 |       1 |  10.0
        D:4 |     231 |      40 |  14.8 |      14 |      13 |  48.1
        D:5 |     488 |       4 |   0.8 |      18 |       1 |   5.3
        D:6 |     551 |       0 |   0.0 |      11 |       0 |   0.0
        D:7 |    1267 |     637 |  33.5 |      17 |       1 |   5.6
        D:8 |    3687 |     214 |   5.5 |      33 |       2 |   5.7
        D:9 |    1978 |     143 |   6.7 |      31 |       2 |   6.1
       D:10 |    1070 |       0 |   0.0 |       4 |       0 |   0.0
       D:11 |    2789 |    1652 |  37.2 |       9 |       6 |  40.0
       D:12 |    7062 |    1259 |  15.1 |      29 |      21 |  42.0
       D:13 |    6861 |       0 |   0.0 |      11 |       0 |   0.0
       D:14 |    6485 |    3620 |  35.8 |      11 |       7 |  38.9
       D:15 |   12087 |    6101 |  33.5 |      21 |      10 |  32.3
     Lair:1 |    5225 |       0 |   0.0 |      19 |       0 |   0.0
     Lair:2 |    3992 |    1289 |  24.4 |      12 |       2 |  14.3
     Lair:3 |    3962 |     830 |  17.3 |      11 |       5 |  31.2
     Lair:4 |    9550 |       0 |   0.0 |      31 |       0 |   0.0
     Lair:5 |   13286 |   10348 |  43.8 |      44 |      30 |  40.5
      Orc:1 |    6641 |       0 |   0.0 |      68 |       0 |   0.0
      Orc:2 |    3739 |   21505 |  85.2 |      32 |      59 |  64.8
    Abyss:3 |   19787 |       0 |   0.0 |      46 |       0 |   0.0
            +---------+---------+-------+---------+---------+-------
